 Dungeon Crawl Stone Soup version 0.27.1 (webtiles) character file.

Game seed: 18210800348126811658

3667 MacCMillion the Cleaver (level 10, -13/81 HPs)
             Began as a Hill Orc Fighter on Aug 28, 2021.
             Was a Follower of Qazlal.
             Mangled by a boulder beetle (40 damage)
             ... on level 9 of the Dungeon.
             The game lasted 00:27:16 (12221 turns).

MacCMillion the Cleaver (Hill Orc Fighter)         Turns: 12221, Time: 00:27:16

Health: -13/81     AC: 11    Str: 22    XL:     10   Next: 12%
Magic:  0/11       EV:  8    Int:  9    God:    Qazlal [*.....]
Gold:   304        SH: 13    Dex: 10    Spells: 9/9 levels left

rFire    + . .     SeeInvis .   a - +0 war axe
rCold    . . .     Faith    .   c - +0 kite shield
rNeg     . . .     Spirit   +   b - +0 scale mail
rPois    .         Reflect  .   B - +0 helmet
rElec    .         Harm     .   l - +0 cloak
rCorr    .         Rampage  .   (no gloves)
Will     +....                  J - +0 pair of boots
Stlth    ..........             p - amulet of guardian spirit
HPRegen  0.23/turn              m - ring of willpower
MPRegen  0.12/turn              u - ring of protection from fire

@: no status effects
A: no striking features
a: Renounce Religion


You were on level 9 of the Dungeon.
You worshipped Qazlal.
Qazlal was aware of your devotion.
You visited 1 branch of the dungeon, and saw 9 of its levels.

You collected 304 gold pieces.

Inventory:

Hand Weapons
 a - a +0 war axe (weapon)
 D - a +0 hand axe of flaming
 F - a +7 scimitar
 G - a +3 flail of freezing
Missiles
 v - 2 boomerangs of dispersal
 A - 78 poisoned darts (quivered)
 H - 7 datura-tipped darts
Armour
 b - a +0 scale mail (worn)
 c - a +0 kite shield (worn)
 l - a +0 cloak (worn)
 B - a +0 helmet (worn)
 J - a +0 pair of boots (worn)
Jewellery
 m - a ring of willpower (left hand)
 p - an amulet of guardian spirit (around neck)
 u - a ring of protection from fire (right hand)
 x - a ring of positive energy
Wands
 n - a wand of polymorph (18)
 z - a wand of iceblast (14)
 L - a wand of digging (6)
Scrolls
 e - a scroll of vulnerability {unknown}
 f - a scroll of noise
 h - 4 scrolls of fear
 k - a scroll of enchant armour {unknown}
 w - 2 scrolls of amnesia
 y - 2 scrolls of torment {unknown}
 E - a scroll of immolation
 I - 2 scrolls of identify
 K - a scroll of silence {unknown}
Potions
 d - 2 potions of might
 i - a potion of mutation
 j - 2 potions of curing
 o - a potion of cancellation {unknown}
 q - 2 potions of degeneration
 r - a potion of heal wounds {unknown}
 s - 4 potions of brilliance
 t - a potion of invisibility {unknown}
 C - 2 potions of lignification


   Skills:
 - Level 5.0 Fighting
 * Level 13.9 Axes
 - Level 5.0 Armour
 + Level 9.1 Shields
 + Level 1.6 Invocations


You had 9 spell levels left.
You didn't know any spells.
Your spell library contained the following spells:

 Spells                   Type           Power      Damage    Failure   Level
 Shock                    Conj/Air       0%         1d3       91%         1
 Sting                    Tmut/Pois      0%         1d3       91%         1
 Sublimation of Blood     Necr           0%         N/A       97%         2
 Wereblood                Tmut           0%         N/A       97%         2
 Dazzling Flash           Conj/Hex       0%         N/A       100%        3
 Gell's Gravitas          Tloc           0%         N/A       100%        3
 Lesser Beckoning         Tloc           0%         N/A       100%        3
 Mephitic Cloud           Conj/Pois/Air  0%         N/A       100%        3
 Summon Guardian Golem    Hex/Summ       0%         N/A       100%        3
 Swiftness                Air            0%         N/A       100%        3
 Teleport Other           Tloc           0%         N/A       100%        3
 Airstrike                Air            0%         N/A       100%        4
 Summon Hydra             Summ           0%         N/A       100%        7


Dungeon Overview and Level Annotations

Branches:
Dungeon (9/15)             Temple (0/1) D:7            Lair (0/6) D:9
    Orc: D:9-12

Altars:
Elyvilon
Fedhas
Hepliaklqana
Nemelex Xobeh
Okawaru
Qazlal
Trog
Uskayaw
Wu Jian
Xom
Yredelemnul
Zin

Shops:
D:9 (!

Annotations:
D:9 Gastronok


Message History

The boulder beetle is lightly wounded.
You slash the orc wizard! The boulder beetle closely misses you.
The boulder beetle stops rolling and uncurls.
The orc wizard hits you but does no damage.
You closely miss the orc wizard.
The orc wizard is heavily wounded.
You slash the boulder beetle! The boulder beetle bites you!
The orc wizard casts a spell at you. The magic dart hits you.
You barely miss the orc wizard.
The orc wizard is heavily wounded.
You hit the boulder beetle but do no damage.
The boulder beetle bites you!!
The orc wizard hits you but does no damage.
You miss the orc wizard.
The orc wizard is heavily wounded.
You hit the boulder beetle but do no damage.
You block the boulder beetle's attack.
The orc wizard hits you but does no damage.
You closely miss the orc wizard.
The orc wizard is heavily wounded.
You hit the boulder beetle but do no damage.
The boulder beetle leaps!
The orc wizard casts a spell.
The orc wizard flickers and vanishes!
Deactivating autopickup; reactivate with Ctrl-A.
The boulder beetle curls into a ball and begins rolling!
Something hits you.
You hear some strange, mumbled words.
A magic dart appears from out of thin air!
The magic dart hits you. The boulder beetle hits you!!
The boulder beetle stops rolling and uncurls.
The boulder beetle curls into a ball and begins rolling!
You hear some strange, mumbled words.
A puff of flame appears from out of thin air!
The puff of flame hits you. You resist.
As you read the scroll of summoning, it crumbles to dust.
Wisps of shadow whirl around you... The boulder beetle hits you!!!
You die...

#....∩..#.... #.......#....
#.......#.... #.......##...
####################........#...
##.............o#............#...
...........o....#######'######...
##...........°..o................
#...........ooB@Z...............
#..........###.ooo.#####........
#..........'..o##### ..#####....
#....#####'#...'. _.....'.###
####..#.........##### ..#####.#
...#..#.............#####.....#
≈≈....#...........#...........#
≈≈≈...#...........#....######.#
≈≈≈...#...........#....#....'.###


You could see a boulder beetle (rolling, ally target), a friendly orc priest
(summoned), 3 friendly orc wizards, 5 friendly orcs and a friendly howler monkey
zombie (summoned).

Vanquished Creatures
  Psyche (D:9)
  A wyvern (D:7)
  A steam dragon (D:8)
  2 wargs (D:8)
  3 water moccasins
  3 orc warriors
  A black bear (D:6)
  An ice beast (D:8)
  3 ogres
  2 centaurs
  A phantom (D:6)
  A kobold brigand (D:7)
  3 bullfrogs
  2 scorpions
  2 water moccasin zombies
  A water moccasin skeleton (D:5)
  9 wights (D:8)
  2 howler monkeys
  A bullfrog zombie (D:5)
  A centaur skeleton (D:7)
  A gnoll shaman (D:5)
  2 orc priests
  An iguana (D:4)
  8 orc wizards
  3 howler monkey zombies
  2 gnolls (D:5)
  A howler monkey skeleton (D:7)
  9 adders
  2 shadow imps (D:8)
  3 ufetubi
  A worm (D:4)
  3 dart slugs
  29 orcs
  3 ball pythons
  8 bats
  8 endoplasms
  3 giant cockroaches
  6 goblins
  6 hobgoblins
  4 jackals (D:2)
  2 quokkas
  4 frilled lizards
  10 kobolds
  2 rats
162 creatures vanquished.

Vanquished Creatures (others)
  A wizard (D:7)
  3 plants (D:6)
4 creatures vanquished.

Grand Total: 166 creatures vanquished

Notes
Turn   | Place    | Note
-------+----------+-------------------------------------------
     0 | D:1      | MacCMillion the Hill Orc Fighter began the quest for the
                  | Orb.
     0 | D:1      | Reached XP level 1. HP: 19/19 MP: 1/1
   161 | D:1      | Reached skill level 3 in Axes
   311 | D:1      | Reached XP level 2. HP: 21/27 MP: 2/2
  1260 | D:2      | Reached XP level 3. HP: 31/32 MP: 3/3
  1421 | D:2      | Found a blossoming altar of Fedhas.
  1501 | D:2      | Reached skill level 4 in Axes
  1854 | D:3      | Found a glowing silver altar of Zin.
  1859 | D:3      | Reached XP level 4. HP: 40/40 MP: 4/4
  1915 | D:3      | Found a stormy altar of Qazlal.
  2073 | D:3      | Found a sparkling altar of Nemelex Xobeh.
  2579 | D:4      | Reached XP level 5. HP: 35/47 MP: 3/5
  2748 | D:4      | Found a hide-covered altar of Uskayaw.
  2816 | D:4      | Reached skill level 5 in Axes
  3484 | D:5      | Entered Level 5 of the Dungeon
  3799 | D:5      | Reached XP level 6. HP: 12/53 MP: 1/6
  4100 | D:5      | You fall into a shaft and drop 2 floors!
  4214 | D:5      | Reached skill level 6 in Axes
  4336 | D:5      | Reached skill level 5 in Fighting
  4358 | D:5      | Reached XP level 7. HP: 38/61 MP: 4/7
  4506 | D:5      | Reached skill level 7 in Axes
  4506 | D:5      | Reached skill level 5 in Armour
  4758 | D:5      | Got the Papyrus of Venomous Bewitchment
  4784 | D:5      | Found a hazy altar of Hepliaklqana.
  4868 | D:5      | Found a blossoming altar of Fedhas.
  4951 | D:3      | Became a worshipper of Qazlal Stormbringer
  5178 | D:6      | Reached skill level 5 in Shields
  5181 | D:6      | HP: 1/61 [orc warrior (8)]
  6469 | D:6      | Reached skill level 8 in Axes
  6596 | D:6      | Found an ornate altar of the Wu Jian Council.
  6617 | D:6      | Noticed a two-headed ogre
  6959 | D:7      | Noticed a troll
  7016 | D:6      | Reached XP level 8. HP: 65/68 MP: 6/8
  7058 | D:6      | Reached skill level 9 in Axes
  7369 | D:7      | Noticed a wyvern
  7375 | D:7      | Killed a wyvern
  7376 | D:7      | Reached skill level 10 in Axes
  7742 | D:6      | Found a white marble altar of Elyvilon.
  7833 | D:8      | Reached skill level 11 in Axes
  7833 | D:8      | Reached XP level 9. HP: 38/74 MP: 6/9
  8004 | D:8      | Found an iron altar of Okawaru.
  8032 | D:8      | Reached * piety under Qazlal
  8454 | D:8      | Reached skill level 12 in Axes
  9545 | D:7      | Found a staircase to the Ecumenical Temple.
 10304 | D:9      | Reached skill level 13 in Axes
 10361 | D:9      | Found Rodyirr's Distillery.
 10381 | D:9      | Found a basalt altar of Yredelemnul.
 10390 | D:9      | Found a staircase to the Lair.
 10390 | D:9      | Noticed a two-headed ogre
 10889 | D:7      | Found a bloodstained altar of Trog.
 10890 | D:7      | Noticed a wizard
 10896 | D:7      | Killed a wizard
 10992 | D:7      | Found a shimmering altar of Xom.
 11066 | D:7      | Reached ** piety under Qazlal
 11075 | D:7      | Reached XP level 10. HP: 72/81 MP: 8/10
 11606 | D:9      | Noticed Gastronok
 11933 | D:9      | Noticed Psyche
 11946 | D:9      | Killed Psyche
 11947 | D:9      | Reached skill level 1 in Invocations
 12177 | D:9      | Found Adwar's Weapon Shoppe.
 12202 | D:9      | Noticed a boulder beetle
 12221 | D:9      | Mangled by a boulder beetle

Illustrated notes

Levels and vault maps discovered:
D:1:      dpeg_arrival_rooms_c, layout_loops_cross, minivault_5
D:2:      layout_basic, basic_altar
D:3:      layout_rooms, nicolae_overflow_crystal_walls,
          nemelex_diamond_rough_becter, lemuel_round_altar
D:4:      layout_loops_cross, marbit_many_paths
D:5:      layout_rooms, lemuel_round_altar, fedhas_altar_4,
          corexii_hall_statues_u, st_stairs_10, roderic_serpentine_path
D:6:      layout_rooms, nicolae_elyvilon_temple_path, mainiacjoe_overflow_paths,
          hex_large
D:7:      layout_basic, kennysheep_mini_moat, trog_wizard,
          minmay_temple_entry_statues_fountains
D:8:      layout_loops_cross, okawaru_ov_weapons_minmay
D:9:      layout_irregular_city, mainiacjoe_overflow_surrounded_room,
          erik_lair_orcish_takeover, serial_shops, nicolae_lakefront_shop, shop,
          nicolae_zen_rock_garden, uniq_gastronok, uniq_psyche

Skill      XL: |  1  2  3  4  5  6  7  8  9 10 |
---------------+-------------------------------+-----
Axes           | 3 4 5 6 8 11 13 | 13.9
Fighting       | 4 5 |  5.0
Armour         | 4 5 |  5.0
Shields        | 4 5 7 8 9 |  9.1
Invocations    | 1 |  1.6

Action                   |  1- 3 |  4- 6 |  7- 9 | 10-12 || total
-------------------------+-------+-------+-------+-------++-------
Melee: War axe           |   108 |   195 |   399 |    39 ||   741
Throw: Dart              |       |       |     1 |       ||     1
Invok: Upheaval          |       |       |       |     2 ||     2
  Use: Potion            |       |     1 |       |       ||     1
       Scroll            |       |       |    11 |     1 ||    12
Armor: Scale mail        |    52 |   103 |   155 |    17 ||   327
Dodge: Dodged            |    37 |    63 |   112 |     6 ||   218
Block: Kite shield       |    56 |   106 |    37 |     9 ||   208
       Buckler           |       |       |    84 |       ||    84
